 Dungeon Crawl Stone Soup version 0.29.0-11-gd7f09526c8 (webtiles) character file.

Game seed: 5408359254415468291

1754 greasedhog the Conjurer (level 9, -10/55 HPs)
             Began as a Kobold Hedge Wizard on Sept 6, 2022.
             Was an Initiate of Vehumet.
             Mangled by an orc warrior
             ... wielding a +0 glaive
              (16 damage)
             ... on level 6 of the Dungeon.
             The game lasted 00:08:57 (8028 turns).

greasedhog the Conjurer (Kobold Hedge Wizard)       Turns: 8028, Time: 00:08:57

Health: -10/55     AC:  3    Str:  7    XL:     9   Next: 27%
Magic:  13/17      EV: 14    Int: 20    God:    Vehumet [......]
Gold:   128        SH:  4    Dex: 14    Spells: 13/19 levels left

rFire   . . .      SeeInvis +   v - +1 dagger (distort)
rCold   . . .      Faith    .   f - +0 buckler
rNeg    . . .      Spirit   .   b - +0 robe
rPois   .          Reflect  .   c - +0 hat
rElec   .          Harm     .   (no cloak)
rCorr   .          Rampage  .   w - +0 pair of gloves
Will    .....                   (no boots)
Stlth   +++.......              (no amulet)
HPRegen 0.18/turn               h - ring of wizardry
MPRegen 0.15/turn               s - ring of see invisible

@: no status effects
A: small, no large weapons, nightstalker 3
a: Renounce Religion


You were on level 6 of the Dungeon.
You worshipped Vehumet.
Vehumet was noncommittal.
You visited 2 branches of the dungeon, and saw 7 of its levels.

You collected 319 gold pieces.
You spent 191 gold pieces at shops.

Inventory:

Hand Weapons
 a - a +0 dagger
 v - a +1 dagger of distortion (weapon)
Armour
 b - a +0 robe (worn)
 c - a +0 hat (worn)
 f - a +0 buckler (worn)
 w - a +0 pair of gloves (worn)
Jewellery
 h - a ring of wizardry (left hand)
 q - a ring of fire
 r - a +6 ring of strength
 s - a ring of see invisible (right hand)
Scrolls
 n - 5 scrolls of blinking
 o - 6 scrolls of teleportation
 p - a scroll of magic mapping
 u - a scroll of amnesia
Potions
 d - 4 potions of magic
 e - a potion of ambrosia {unknown}
 g - 4 potions of haste
 i - 2 potions of mutation {unknown}
 j - 2 potions of invisibility {unknown}
 k - 2 potions of lignification {unknown}
 l - a potion of resistance {unknown}
 m - 3 potions of curing {unknown}
 t - a potion of flight {unknown}


   Skills:
 * Level 5.9 Fighting
 - Level 2.6 Dodging
 - Level 2.9 Stealth
 - Level 5.7 Spellcasting
 * Level 7.3 Conjurations
 - Level 1.1 Summonings
 * Level 4.3 Translocations


You had 13 spell levels left.
You knew the following spells:

 Your Spells              Type           Power      Damage    Failure   Level
a - Magic Dart            Conj           100%       1d8       1%          1
b - Blink                 Tloc           46%        N/A       1%          2
c - Dazzling Flash        Conj/Hex       40%        N/A       4%          3

Your spell library contained the following spells:

 Spells                   Type           Power      Damage    Failure   Level
 Gell's Gravitas          Tloc           23%        N/A       3%          3
 Teleport Other           Tloc           23%        N/A       3%          3
 Conjure Flame            Conj/Fire      20%        6-21      4%          3
 Call Imp                 Summ           10%        N/A       6%          2
 Necrotise                Necr           20%        1d5       7%          1
 Slow                     Hex            20%        N/A       7%          1
 Mephitic Cloud           Conj/Pois/Air  15%        N/A       8%          3
 Ensorcelled Hibernation  Hex/Ice        10%        N/A       11%         2
 Passwall                 Tmut/Erth      4%         N/A       11%         2
 Sublimation of Blood     Necr           5%         N/A       11%         2
 Passage of Golubria      Tloc           23%        N/A       12%         4
 Confusing Touch          Hex            5%         N/A       21%         3
 Swiftness                Air            5%         N/A       21%         3
 Tukima's Dance           Hex            5%         N/A       21%         3
 Vampiric Draining        Necr           5%         2d6       21%         3
 Irradiate                Conj/Tmut      10%        3d15      38%         5
 Petrify                  Tmut/Erth      5%         N/A       52%         4
 Dispersal                Tloc           11%        N/A       83%         6
 Agony                    Necr           5%         N/A       86%         5
 Yara's Violent Unravell  Hex/Tmut       2%         3d3       86%         5
 Summon Horrible Things   Summ           5%         N/A       100%        8


Dungeon Overview and Level Annotations

Branches:
Dungeon (6/15)             Temple (1/1) D:4

Altars:
Ashenzari
Elyvilon
Gozag
Kikubaaqudgha
Makhleb
Nemelex Xobeh
Qazlal
Ru
Sif Muna
Trog
Uskayaw
Vehumet
Wu Jian
Xom
Yredelemnul

Shops:
D:4 *![*=

Annotations:
Abyss:1 Grinder


Innate Abilities, Weirdness & Mutations

You are small and have problems with some larger weapons.
You are completely attuned to the shadows.


Message History

You climb downwards.
The orc priest calls down the wrath of Beogh upon you.
Pain shoots through your body!
There is a stone staircase leading up here.
The magic dart hits the orc priest.
The orc priest is moderately wounded.
The magic dart hits the orc priest.
The orc priest is severely wounded.
An orc warrior comes into view. It is wielding a +0 glaive.
The magic dart hits the orc priest.
You kill the orc priest!
Vehumet accepts your kill.
The orc warrior shouts!
The magic dart hits the orc warrior.
The orc warrior is lightly wounded.
The magic dart hits the orc warrior but does no damage.
The orc warrior is lightly wounded.
The orc warrior hits you from afar with a +0 glaive!!
The orc warrior misses you.
You barely miss the orc warrior.
The orc warrior is lightly wounded.
The orc warrior hits you with a +0 glaive.
A jelly comes into view.
You hit the orc warrior but do no damage.
Space warps around the orc warrior!
The orc warrior is heavily wounded.
The orc warrior misses you.
You barely miss the orc warrior.
The orc warrior is heavily wounded.
The orc warrior closely misses you.
The jelly jiggles.
You hit the orc warrior but do no damage.
The orc warrior is heavily wounded.
The orc warrior hits you with a +0 glaive!!
* * * LOW HITPOINT WARNING * * *
You hit the orc warrior but do no damage.
Space warps horribly around the orc warrior!
The orc warrior is almost dead.
The orc warrior hits you with a +0 glaive!
You die...

.~..~##.....#####.#
.~.~.##...........#
~≈~.~.+...........#
.~~~.##...........#
.~≈~.##...........#.
.~≈~..+.............
~~~~..#...........##
.~~...#.......<...#
.~≈...#......@)...#
.~~...#......oJ....#
.~~.#.#............#
~≈≈.#.#..........##
.≈≈~#.............
########...#..
###.#...# #..§§...#
#.......#


You could see an orc warrior and a jelly.

Vanquished Creatures
  Pikel (D:5)
  Menkaure (D:5)
  A centaur (D:5)
  A phantom (D:5)
  Blork the orc (D:5)
  A bullfrog (D:3)
  A howler monkey (D:5)
  6 hounds
  4 orc priests
  Jessica (D:3)
  4 iguanas
  4 adders
  An ufetubus (D:5)
  3 dart slugs
  13 orcs
  2 bats
  6 endoplasms
  4 giant cockroaches
  2 goblins
  7 hobgoblins
  4 kobolds
  4 quokkas
  6 ball pythons
  4 frilled lizards
  6 rats
88 creatures vanquished.

Notes
Turn   | Place    | Note
-------+----------+-------------------------------------------
     0 | D:1      | greasedhog the Kobold Hedge Wizard began the quest for the
                  | Orb.
     0 | D:1      | Reached XP level 1. HP: 10/10 MP: 4/4
   339 | D:1      | Reached XP level 2. HP: 6/15 MP: 1/6
   716 | D:1      | Learned a level 2 spell: Blink
  1398 | D:2      | Reached XP level 3. HP: 14/19 MP: 0/8
  1585 | D:2      | Reached skill level 2 in Conjurations
  1801 | D:2      | Found a faded altar of an unknown god.
  2185 | D:2      | Reached XP level 4. HP: 19/24 MP: 3/10
  2925 | D:3      | Found a sparkling altar of Nemelex Xobeh.
  3147 | D:3      | Got Sif Muna's Meditations on the Escort and Outbursts
  3215 | D:3      | Found a burning altar of Makhleb.
  3386 | D:3      | Noticed Jessica
  3395 | D:3      | Killed Jessica
  3396 | D:3      | Reached XP level 5. HP: 26/28 MP: 2/11
  3589 | D:3      | Noticed a bullfrog
  3598 | D:3      | Killed a bullfrog
  3599 | D:3      | Reached skill level 3 in Conjurations
  3658 | D:3      | Found a broken altar of Ashenzari.
  3885 | D:3      | Learned a level 3 spell: Dazzling Flash
  4122 | D:4      | Found Biaryuc's Assorted Antiques.
  4127 | D:4      | Reached skill level 5 in Spellcasting
  4127 | D:4      | Reached XP level 6. HP: 20/32 MP: 4/13
  4254 | D:4      | Bought a scroll of teleportation for 72 gold pieces
  4254 | D:4      | Bought a glowing pink potion for 21 gold pieces
  4254 | D:4      | Bought a scroll of identify for 48 gold pieces
  4362 | D:4      | Found Inwoud's Distillery.
  4373 | D:4      | Reached skill level 4 in Conjurations
  4448 | D:4      | Found a staircase to the Ecumenical Temple.
  4606 | Temple   | Entered the Ecumenical Temple
  4828 | Temple   | Became a worshipper of Vehumet
  4888 | D:4      | Found Vaeluphicve's Armour Boutique.
  4889 | D:4      | Noticed an ogre
  5672 | D:4      | Found Zyxiobol's Assorted Antiques.
  5679 | D:4      | Reached XP level 7. HP: 31/36 MP: 10/15
  5762 | D:4      | Bought a scroll of identify for 50 gold pieces
  6045 | D:4      | Found Qitimun's Jewellery Emporium.
  6308 | D:5      | Entered Level 5 of the Dungeon
  6308 | D:5      | Noticed Menkaure
  6316 | D:5      | Killed Menkaure
  6317 | D:5      | Reached skill level 5 in Conjurations
  6570 | D:5      | Noticed Blork the orc
  6578 | D:5      | Killed Blork the orc
  6579 | D:5      | Reached XP level 8. HP: 26/46 MP: 11/16
  6961 | D:5      | Reached skill level 6 in Conjurations
  6975 | D:5      | Noticed Grinder
  6988 | D:5      | Banished Grinder
  7508 | D:5      | Noticed Pikel
  7523 | D:5      | Killed Pikel
  7524 | D:5      | Reached skill level 5 in Fighting
  7524 | D:5      | Reached skill level 7 in Conjurations
  7524 | D:5      | Reached XP level 9. HP: 33/55 MP: 4/17
  8028 | D:6      | Mangled by an orc warrior

Illustrated notes

Levels and vault maps discovered:
D:1:      saegor_arrival_simple_d, layout_basic
D:2:      layout_loops_ring, basic_ecumenical_altar
D:3:      layout_loops_ring, nicolae_ashenzari_skybound,
          nemelex_spade_bored_becter, overflow_temple_1_default, uniq_jessica
D:4:      layout_loops_ring, temple_hall, serial_shops, shop, shop,
          nicolae_shop_temple_entry_statues_fountains,
          nicolae_shop_hallway_plus, nicolae_shop_temple_entry_statues_fountains
D:5:      layout_loops_cross, uniq_menkaure, uniq_pikel, uniq_blork_the_orc,
          uniq_grinder
D:6:      layout_basic, serial_rivers, chequers_serial_rivers_micro_e,
          chequers_serial_rivers_small_3, chequers_serial_rivers_small_3,
          chequers_serial_rivers_room_a, chequers_serial_rivers_micro_b,
          chequers_serial_rivers_micro_d, amethyst_killhole,
          kennysheep_windowed_goal
Temple:   hellmonk_temple_flake

Skill      XL: |  1  2  3  4  5  6  7  8 |
---------------+-------------------------+-----
Conjurations   | 2 3 4 5 7 |  7.3
Spellcasting   | 4 5 |  5.7
Fighting       | 3 5 |  5.9
Translocations | 4 |  4.3
Dodging        | |  2.6
Stealth        | |  2.9
Summonings     | |  1.1

Action                   |  1- 3 |  4- 6 |  7- 9 || total
-------------------------+-------+-------+-------++-------
Melee: Dagger            |    13 |    32 |    62 ||   107
 Cast: Magic Dart        |    75 |   127 |    84 ||   286
       Blink             |       |     4 |       ||     4
  Use: Scroll            |     2 |     3 |     2 ||     7
       Potion            |       |       |     1 ||     1
Armor: Robe              |     2 |     4 |    12 ||    18
Dodge: Dodged            |    18 |    41 |    47 ||   106
Block: Buckler           |     7 |     8 |    12 ||    27
